 Dungeon Crawl Stone Soup version 0.29.1-15-g9cfb28693d (webtiles) character file.

Game seed: 14804988574946525890

651 BeingJoeMalik the Chopper (level 7, -2/40 HPs)
             Began as a Gargoyle Gladiator on Apr 7, 2023.
             Was a Priest of Sif Muna.
             Slain by an orc priest
             ... wielding a +0 war axe
              (7 damage)
             ... on level 5 of the Dungeon.
             The game lasted 00:10:07 (5266 turns).

BeingJoeMalik the Chopper (Gargoyle Gladiator)      Turns: 5266, Time: 00:10:08

Health: -2/40      AC: 14    Str: 17    XL:     7   Next: 53%
Magic:  10/10      EV: 11    Int:  9    God:    Sif Muna [***...]
Gold:   225        SH:  0    Dex: 13    Spells: 6/10 levels left

rFire   . . .      SeeInvis .   a - +0 war axe
rCold   . . .      Faith    .   (no shield)
rNeg    + . .      Spirit   .   p - +0 swamp dragon scales
rPois   ∞          Reflect  .   (helmet restricted)
rElec   +          Harm     .   (no cloak)
rCorr   .          Rampage  .   m - +1 pair of gloves
Will    .....                   u - +0 pair of boots
Stlth   +.........              (no amulet)
HPRegen 0.13/turn               (no ring)
MPRegen 0.12/turn               (no ring)

@: no status effects
A: sickness immunity, AC +4, negative energy resistance 1, electricity
resistance, torment resistance 1, petrification resistance, antennae 1
a: Renounce Religion, Channel Magic, Forget Spell


You were on level 5 of the Dungeon.
You worshipped Sif Muna.
Sif Muna was most pleased with you.
You visited 1 branch of the dungeon, and saw 5 of its levels.

You collected 225 gold pieces.

Inventory:

Hand Weapons
 a - a +0 war axe (weapon)
Missiles
 d - 3 throwing nets (quivered)
 e - a javelin
Armour
 b - a +0 leather armour
 c - a +0 helmet
 m - a +1 pair of gloves (worn)
 p - +0 swamp dragon scales (worn)
 u - a +0 pair of boots (worn)
Wands
 s - a wand of flame (10)
Scrolls
 g - a scroll of teleportation {unknown}
 h - 4 scrolls of magic mapping
 o - a scroll of acquirement {unknown}
 t - 2 scrolls of vulnerability
 v - 2 scrolls of identify
Potions
 f - 2 potions of heal wounds {unknown}
 i - a potion of flight
 j - a potion of invisibility
 k - a potion of attraction
 l - a potion of haste
 n - a potion of magic
 q - a potion of mutation
 r - 2 potions of brilliance


   Skills:
 - Level 2.1 Fighting
 + Level 7.4 Axes
 - Level 1.7 Throwing
 - Level 2.4 Dodging
 * Level 2.2 Spellcasting


You had 6 spell levels left.
You knew the following spells:

 Your Spells              Type           Power      Damage    Failure   Level
a - Sandblast             Erth           0%         2d4       52%         1
b - Stone Arrow           Conj/Erth      0%         3d7       88%         3

Your spell library contained the following spells:

 Spells                   Type           Power      Damage    Failure   Level
 Slow                     Hex            0%         N/A       52%         1
 Ensorcelled Hibernation  Hex/Ice        0%         N/A       67%         2
 Passwall                 Tmut/Erth      0%         N/A       67%         2
 Confusing Touch          Hex            0%         N/A       88%         3
 Spider Form              Tmut/Pois      0%         N/A       88%         3
 Vampiric Draining        Necr           0%         2d6       88%         3
 Anguish                  Hex/Necr       0%         N/A       99%         4


Dungeon Overview and Level Annotations

Branches:
Dungeon (5/15)
 Temple: D:4-7

Altars:
Sif Muna
Vehumet
The Shining One


Innate Abilities, Weirdness & Mutations

You are immune to sickness and miasma.
Your stone body is resilient. (AC +4)
You are immune to poison.
You resist negative energy. (rN+)
You are resistant to electric shocks. (rElec)
You are resistant to unholy torment.
You are immune to petrification.
You have a pair of small antennae on your head.


Message History

You slash the orc priest! Your punch misses the orc priest.
The orc priest is almost dead.
You barely miss the orc priest. You hit the orc.
The orc priest closely misses you.
The orc priest invokes the aid of Beogh against you.
Beogh smites you! The orc hits you with a +0 flail.
You are too injured to fight recklessly!
You closely miss the orc priest.
The orc priest is almost dead.
You barely miss the orc. You closely miss the orc priest.
The orc priest calls upon Beogh to heal the orc.
The orc is healed somewhat.
The orc priest misses you. The orc hits you but does no damage.
Unknown command.
You slash the orc priest!
You kill the orc priest!
Sif Muna accepts your kill.
You hit the orc. You closely miss the orc. You slash the orc priest!
The orc barely misses you. The orc closely misses you.
The orc priest invokes the aid of Beogh against you.
Pain shoots through your body!
* * * LOW HITPOINT WARNING * * *
The orc barely misses you. The orc priest barely misses you.
The orc hits you with a +0 flail!
* * * LOW HITPOINT WARNING * * *
Unknown command.
You completely miss the orc priest.
The orc priest is severely wounded.
You hit the orc. You slash the orc!
You kill the orc!
Sif Muna accepts your kill. The orc hits you but does no damage.
The orc priest completely misses you.
Unknown command.
You barely miss the orc priest.
The orc priest is severely wounded.
You hit the orc.
You kill the orc!
Sif Muna accepts your kill.
The orc priest hits you with a +0 war axe!
You die...

##.....####.#.##.##..
#####....#.#.##.##.#
####.#.#÷##..#.#
###.#...###...###
#........#......##
#........#.####..#
#######...........[..#.......
..<.........####.#.#.######..
...............)@#.#.##
....###..##....o))....##
....###>###............#
.....##.# #........#...###
..##....###.......##.....#
...####...............##.####
.#.##.......................#
.#.##.##....................# ###
.#.....#....................###..


You could see an orc priest.

Vanquished Creatures
  A necrophage (D:5)
  A scorpion (D:5)
  2 orc priests
  2 hounds
  A gnoll bouda (D:4)
  3 iguanas (D:4)
  An orc wizard (D:4)
  Robin (D:3)
  5 adders
  10 gnolls
  A shadow imp (D:4)
  A white imp (D:5)
  An ufetubus (D:5)
  3 dart slugs
  8 orcs
  3 endoplasms (D:2)
  3 giant cockroaches
  18 goblins
  10 hobgoblins
  6 kobolds
  3 quokkas
  12 ball pythons
  6 bats
  2 frilled lizards
  A rat (D:1)
105 creatures vanquished.

Vanquished Creatures (others)
  A scorpion (D:4)
1 creature vanquished.

Grand Total: 106 creatures vanquished

Notes
Turn   | Place    | Note
-------+----------+-------------------------------------------
     0 | D:1      | BeingJoeMalik the Gargoyle Gladiator began the quest for
                  | the Orb.
     0 | D:1      | Reached XP level 1. HP: 12/12 MP: 1/1
    61 | D:1      | Reached skill level 3 in Axes
   204 | D:1      | Found a faded altar of an unknown god.
   215 | D:1      | Prayed at the altar of an unknown god.
   215 | D:1      | Became a worshipper of Sif Muna the Loreminder
   215 | D:1      | Reached * piety under Sif Muna
   304 | D:1      | Reached XP level 2. HP: 14/17 MP: 2/2
  1277 | D:2      | Reached XP level 3. HP: 21/21 MP: 3/3
  1295 | D:2      | Reached ** piety under Sif Muna
  1369 | D:2      | Reached skill level 4 in Axes
  1550 | D:2      | Reached XP level 4. HP: 26/26 MP: 4/4
  2414 | D:3      | Found a radiant altar of Vehumet.
  2414 | D:3      | Found a glowing golden altar of the Shining One.
  2482 | D:3      | Noticed Robin
  2489 | D:3      | Killed Robin
  2490 | D:3      | Reached skill level 5 in Axes
  2490 | D:3      | Reached XP level 5. HP: 17/30 MP: 5/5
  2990 | D:4      | Reached *** piety under Sif Muna
  3052 | D:4      | Learned a level 1 spell: Sandblast
  3056 | D:4      | Learned a level 3 spell: Stone Arrow
  3665 | D:4      | Reached XP level 6. HP: 35/35 MP: 7/7
  3864 | D:5      | Entered Level 5 of the Dungeon
  3876 | D:4      | Reached skill level 6 in Axes
  3876 | D:4      | Reached skill level 1 in Spellcasting
  3879 | D:4      | Gained mutation: You are clumsy. (Dex -2) [potion of
                  | mutation]
  3879 | D:4      | Lost mutation: You are clumsy. (Dex -2) [potion of
                  | mutation]
  3879 | D:4      | Gained mutation: You have a pair of small antennae on your
                  | head. [potion of mutation]
  4901 | D:5      | Reached XP level 7. HP: 40/40 MP: 9/9
  5021 | D:5      | Reached skill level 7 in Axes
  5266 | D:5      | Slain by an orc priest

Illustrated notes

Levels and vault maps discovered:
D:1:      lightli_arrival_quake, layout_loops_corners,
          chequers_ecumenical_altar_simple_redux, kennysheep_crisscross,
          minmay_misc_feat_columns, minmay_shallow_snake_nest
D:2:      layout_basic, st_stairs_7
D:3:      layout_loops_cross, nicolae_overflow_two_pavilions, uniq_robin
D:4:      layout_cave_pools, nrook_campfire, minmay_ruptured
D:5:      layout_rooms

Skill      XL: |  1  2  3  4  5  6  7 |
---------------+----------------------+-----
Axes           | 3 4 5 6 7 |  7.4
Spellcasting   | 1 2 |  2.2
Fighting       | |  2.1
Throwing       | |  1.7
Dodging        | |  2.4

Action                   |  1- 3 |  4- 6 |  7- 9 || total
-------------------------+-------+-------+-------++-------
Melee: War axe           |   105 |   208 |    53 ||   366
       Punch             |     2 |     2 |       ||     4
  Use: Scroll            |       |     9 |       ||     9
       Potion            |       |     6 |       ||     6
 Stab: Invisible         |       |     1 |       ||     1
Armor: Leather armour    |    54 |   127 |     1 ||   182
       Swamp dragon scal |       |       |    35 ||    35
Dodge: Dodged            |    91 |   167 |    45 ||   303
